 Dungeon Crawl Stone Soup version 0.29.0-4-gdea44cf6ec (webtiles) character file.

Game seed: 17906176043192402170

134 qw the Chopper (level 5, -1/30 HPs)
             Began as a Tengu Warper on Aug 28, 2022.
             Slain by a gnoll bouda
             ... wielding a +0 whip
              (7 damage)
             ... on level 3 of the Dungeon.
             The game lasted 00:00:19 (3376 turns).

qw the Chopper (Tengu Warper)                       Turns: 3376, Time: 00:00:20

Health: -1/30      AC:  8    Str: 13    XL:     5   Next: 17%
Magic:  9/9        EV:  7    Int: 11    God:
Gold:   129        SH:  0    Dex: 14    Spells: 8/8 levels left

rFire   . . .      SeeInvis +   Y - +0 hand axe
rCold   . . .      Faith    .   (no shield)
rNeg    . . .      Spirit   .   m - +0 chain mail
rPois   +          Reflect  .   (helmet restricted)
rElec   .          Harm     .   (no cloak)
rCorr   .          Rampage  .   (no gloves)
Will    .....                   (boots unavailable)
Stlth   ..........              (no amulet)
HPRegen 0.10/turn               b - ring of see invisible
MPRegen 0.11/turn               h - ring of poison resistance

@: about to teleport, weakened, flying quickly and evasively, quick
A: beak, talons 3, nimble flight, dopey 1
a: no special abilities


You were on level 3 of the Dungeon.
You visited 1 branch of the dungeon, and saw 3 of its levels.

You collected 177 gold pieces.
You spent 48 gold pieces at shops.


Innate Abilities, Weirdness & Mutations

You have a beak for a mouth.
You have claws for feet.
Your magical nature lets you fly swiftly and evasively.
You are dopey. (Int -2)


   Skills:
 - Level 2.0 Fighting
 + Level 5.7 Axes
 - Level 1.0 Throwing
 - Level 1.1 Armour
 - Level 2.1 Dodging
 - Level 2.0 Spellcasting
 - Level 2.4 Translocations


You had 8 spell levels left.
You didn't know any spells.
Your spell library contained the following spells:

 Spells                   Type           Power      Damage    Failure   Level
 Blink                    Tloc           12%        N/A       99%         2
 Gell's Gravitas          Tloc           6%         N/A       100%        3
 Lesser Beckoning         Tloc           6%         N/A       100%        3
 Teleport Other           Tloc           6%         N/A       100%        3
 Manifold Assault         Tloc           6%         N/A       100%        5

Inventory:

Hand Weapons
 a - a +0 flail
 Y - a +0 hand axe (weapon)
Missiles
 d - 3 javelins (quivered)
Armour
 m - a +0 chain mail (worn)
Jewellery
 b - a ring of see invisible (left hand)
 h - a ring of poison resistance (right hand)
Scrolls
 c - a scroll of teleportation
Potions
 e - 3 potions of curing
 f - a potion of haste {unknown}
 g - a potion of mutation
 i - a potion of berserk rage {unknown}
 j - 2 potions of heal wounds {unknown}
 k - a potion of ambrosia {unknown}
 n - a potion of might

Dungeon Overview and Level Annotations

Branches:
Dungeon (3/15)

Altars:
Vehumet
Xom

Shops:
D:1 *


Message History

A gnoll comes into view. It is wielding a +0 club.
The gnoll hits you with a +0 halberd.
You hit the gnoll.
The gnoll is moderately wounded.
The gnoll hits you from afar with a +0 spear.
The gnoll closely misses you.
You hit the gnoll. You claw the gnoll, but do no damage. You peck the gnoll.
The gnoll is severely wounded.
The gnoll hits you but does no damage. The gnoll hits you with a +0 halberd!
You barely miss the gnoll. You claw the gnoll.
You kill the gnoll!
The gnoll bouda gazes fiercely through you!
You feel your attacks grow feeble.
You hit the gnoll.
The gnoll is lightly wounded.
The gnoll barely misses you.
You hit the gnoll. Your kick misses the gnoll.
The gnoll is moderately wounded.
The gnoll bouda gazes fiercely through you!
You feel as though you will be weak longer.
The gnoll barely misses you.
The gnoll hits you from afar with a +0 spear.
You hit the gnoll but do no damage.
The gnoll is moderately wounded.
You hit the gnoll bouda but do no damage.
The gnoll bouda gazes fiercely through you!
You feel as though you will be weak longer.
The gnoll bouda hits you but does no damage.
The gnoll hits you but does no damage.
The gnoll hits you from afar with a +0 spear.
You hit the gnoll. You claw the gnoll.
The gnoll is heavily wounded.
You hit the gnoll bouda. The gnoll bouda barely misses you.
The gnoll hits you but does no damage.
The gnoll hits you from afar with a +0 spear.
3376 ||| READING 2 scrolls of teleportation.
As you read the scroll of teleportation, it crumbles to dust.
You feel strangely unstable.
The gnoll bouda hits you with a +0 whip!
You die...

.##.# ###.#
##.P....P. #
#.# #..
...[. #.#
#...P...P
#.# #..P P..
###.#
#.......
#...#
#...#g#
#.### #.gg#
#.# #@# #.#
#.# #.#####
#.# #.....#
#.# #####.#
#.# #.#
####.# #.#
#....#####
#.#
#...........
#.#
#.##########


You could see a gnoll bouda and 2 gnolls.

Vanquished Creatures
  An orc wizard (D:3)
  An adder (D:2)
  A gnoll (D:3)
  2 worms (D:2)
  5 dart slugs
  6 orcs
  3 endoplasms (D:1)
  A giant cockroach (D:2)
  10 goblins
  A hobgoblin (D:2)
  5 jackals
  4 quokkas
  3 ball pythons
  5 bats
  5 frilled lizards
  9 kobolds
  6 rats
68 creatures vanquished.

Notes
Turn   | Place    | Note
-------+----------+-------------------------------------------
     0 | D:1      | qw the Tengu Warper began the quest for the Orb.
     0 | D:1      | Reached XP level 1. HP: 12/12 MP: 4/4
     0 | D:1      | 0 ||| qw: Version: 0.1-a-89-g26bdef1
     0 | D:1      | 0 ||| qw: Game counter: 2050
     0 | D:1      | 0 ||| qw: Always use a shield: true
     0 | D:1      | 0 ||| qw: God list: Okawaru
     0 | D:1      | 0 ||| qw: Allow faded altars: false
     0 | D:1      | 0 ||| qw: Do Orc after D:15 true
     0 | D:1      | 0 ||| qw: Do second Lair branch before Depths: true
     0 | D:1      | 0 ||| qw: Lair rune preference: random
     0 | D:1      | 0 ||| qw: Plans: Normal
     0 | D:1      | 0 ||| PLANNING D:1-11
   279 | D:1      | Reached XP level 2. HP: 17/17 MP: 6/6
   295 | D:1      | Reached skill level 3 in Axes
   555 | D:1      | 555 ||| Stepping ~*~*~tactically~*~*~ (stealth).
   557 | D:1      | 557 ||| Stepping ~*~*~tactically~*~*~ (stealth).
   792 | D:1      | Reached XP level 3. HP: 18/21 MP: 7/7
   870 | D:1      | Found a faded altar of an unknown god.
   875 | D:1      | 875 ||| DROPPING +0 club.
  1093 | D:1      | 1093 ||| Stepping ~*~*~tactically~*~*~ (hiding).
  1104 | D:1      | Reached skill level 4 in Axes
  1124 | D:1      | 1124 ||| Stepping ~*~*~tactically~*~*~ (stealth).
  1165 | D:1      | Found Xamimun's General Store.
  1168 | D:1      | 1168 ||| SHOPLISTING potion of haste (120 gold, have 69).
  1168 | D:1      | 1168 ||| BUYING potion of might (48 gold).
  1168 | D:1      | Bought a potion of might for 48 gold pieces
  1168 | D:1      | 1168 ||| SHOPLISTING potion of mutation (96 gold, have 21).
  1168 | D:1      | 1168 ||| SHOPLISTING scroll of identify (24 gold, have 21).
  1237 | D:1      | 1237 ||| UPGRADING to +0 ring mail.
  1247 | D:1      | 1247 ||| DROPPING +0 leather armour.
  1248 | D:1      | 1248 ||| READING scroll labelled IRIACUELIJO.
  1249 | D:1      | 1249 ||| READING scroll labelled CEOSOUH KEQUCW.
  1250 | D:1      | 1250 ||| READING scroll labelled CUBAKK GAMI.
  1255 | D:1      | 1255 ||| DRINKING 2 grey potions.
  1256 | D:1      | 1256 ||| DRINKING 2 fuming brown potions.
  1256 | D:1      | Gained mutation: You are dopey. (Int -2) [potion of
                  | mutation]
  1257 | D:1      | 1257 ||| DRINKING 2 bubbling inky potions.
  1295 | D:1      | 1295 ||| DROPPING scroll of blinking.
  1296 | D:1      | 1296 ||| DROPPING potion of lignification.
  1321 | D:2      | 1321 ||| STAIRDANCE
  1654 | D:2      | 1654 ||| Stepping ~*~*~tactically~*~*~ (hiding).
  1792 | D:2      | Found a radiant altar of Vehumet.
  1881 | D:2      | Reached XP level 4. HP: 26/26 MP: 8/8
  1919 | D:2      | 1919 ||| Stepping ~*~*~tactically~*~*~ (hiding).
  2430 | D:2      | 2430 ||| UPGRADING to +0 scale mail.
  2440 | D:2      | 2440 ||| DROPPING +0 ring mail.
  2441 | D:2      | 2441 ||| UPGRADING to +0 chain mail.
  2451 | D:2      | 2451 ||| DROPPING +0 scale mail.
  2452 | D:2      | 2452 ||| UPGRADING to ring of see invisible.
  2453 | D:2      | 2453 ||| UPGRADING to ring of poison resistance.
  2454 | D:2      | 2454 ||| READING scroll labelled KIFITU AGRO.
  2455 | D:2      | 2455 ||| READING scroll labelled ZYUM UPTAESH.
  2456 | D:2      | 2456 ||| READING scroll labelled KALUCU PEAXA.
  2472 | D:3      | 2472 ||| STAIRDANCE
  2478 | D:3      | 2478 ||| STAIRDANCE
  2603 | D:2      | 2603 ||| DROPPING +0 whip.
  2607 | D:3      | 2607 ||| STAIRDANCE
  2685 | D:3      | Reached skill level 5 in Axes
  3031 | D:3      | Found a shimmering altar of Xom.
  3036 | D:3      | Found a shimmering altar of Xom.
  3036 | D:3      | Found a shimmering altar of Xom.
  3036 | D:3      | Found a shimmering altar of Xom.
  3038 | D:3      | Found a shimmering altar of Xom.
  3043 | D:3      | Found a shimmering altar of Xom.
  3043 | D:3      | Found a shimmering altar of Xom.
  3177 | D:3      | Gained mutation: Your magical nature lets you fly swiftly
                  | and evasively. [Tengu growth]
  3177 | D:3      | Reached XP level 5. HP: 30/30 MP: 9/9
  3294 | D:3      | 3294 ||| Stepping ~*~*~tactically~*~*~ (stealth).
  3295 | D:3      | 3295 ||| Stepping ~*~*~tactically~*~*~ (stealth).
  3375 | D:3      | HP: 6/30 [gnoll/+0 spear[a gnoll bouda] (2)]
  3376 | D:3      | 3376 ||| READING 2 scrolls of teleportation.
  3376 | D:3      | Slain by a gnoll bouda

Levels and vault maps discovered:
D:1:      lightli_arrival_quake, layout_basic, serial_shops,
          nicolae_shop_behind_doors, ebering_ecumenical_altar_sacrificial,
          minmay_misc_feat_rows, minmay_tromino_v4_b
D:2:      layout_basic, basic_altar
D:3:      layout_loops_ring, nicolae_xom_altar_mimics, nicolae_grassy_gnolls

Skill      XL: |  1  2  3  4 |
---------------+-------------+-----
Axes           | 3 4 5 |  5.7
Fighting       | |  2.0
Throwing       | |  1.0
Armour         | |  1.1
Dodging        | |  2.1
Spellcasting   | |  2.0
Translocations | |  2.4

Action                   |  1- 3 |  4- 6 || total
-------------------------+-------+-------++-------
Melee: Hand axe          |    75 |    68 ||   143
       Kick              |    21 |    12 ||    33
       Peck              |    12 |    12 ||    24
Throw: Boomerang         |     7 |       ||     7
       Javelin           |    16 |    21 ||    37
  Use: Scroll            |     3 |     4 ||     7
       Potion            |     3 |       ||     3
Armor: Leather armour    |    13 |       ||    13
       Ring mail         |    12 |     1 ||    13
       Chain mail        |       |    31 ||    31
Dodge: Dodged            |    36 |    24 ||    60

Table legend:
 A = Non-vault XP
 B = Vault XP
 C = Vault XP percentage of total XP
 D = Non-vault monster count
 E = Vault monster count
 F = Vault count percentage of total count
                 A         B        C        D         E       F
            +---------+---------+-------+---------+---------+-------
      Total |     176 |      16 |   8.3 |      65 |       3 |   4.4
            +---------+---------+-------+---------+---------+-------
        D:1 |      47 |       3 |   6.0 |      27 |       2 |   6.9
        D:2 |      61 |       0 |   0.0 |      21 |       0 |   0.0
        D:3 |      68 |      13 |  16.0 |      17 |       1 |   5.6
            +---------+---------+-------+---------+---------+-------
